 Dungeon Crawl Stone Soup version 0.32-a0-656-g3542139ebd (webtiles) character file.

Game seed: 13484259744764786895

105 adelrune the Shooter (level 4, 0/34 HPs)
             Began as a Coglin Hunter on Mar 8, 2024.
             Slain by Crazy Yiuf
             ... wielding a +3 quarterstaff of chaos
              (4 damage)
             ... on level 2 of the Dungeon.
             The game lasted 00:03:33 (1321 turns).

adelrune the Shooter (Coglin Hunter)                Turns: 1321, Time: 00:03:34

Health: 0/34       AC:  3    Str: 12    XL:     4   Next: 81%
Magic:  4/4        EV: 12    Int:  8    God:
Gold:   81         SH:  0    Dex: 19    Spells: 3/3 levels left

rFire   . . .        a - +2 sling {Wira}
rCold   . . .        d - +0 sling {Titus}
rNeg    . . .        c - +0 leather armour
rPois   .            (no helmet)
rElec   .            (no cloak)
rCorr   .            (no gloves)
SInv    .            (no boots)
Will    .....        (amulet unavailable)
Stlth   ++           (ring unavailable)
HPRegen 0.25/turn    (ring unavailable)
MPRegen 0.09/turn    (no gizmo)

%: no passive effects
@: revved
A: off-hand wielding, slow wielding, warmup strikes, no jewellery
a: Invent Gizmo


You were on level 2 of the Dungeon.
You visited 1 branch of the dungeon, and saw 2 of its levels.

You collected 81 gold pieces.

Inventory:

Hand Weapons
 a - a +2 sling (weapon) {Wira}
 d - a +0 sling (offhand) {Titus}
Armour
 c - a +0 leather armour (worn)
Scrolls
 b - a scroll of butterflies
 f - 2 scrolls of teleportation {unknown}
 g - 4 scrolls of identify {unknown}
 h - a scroll of torment {unknown}
 i - a scroll of enchant armour {unknown}
 l - a scroll of silence {unknown}
 m - a scroll of immolation {unknown}
Potions
 e - a potion of heal wounds {unknown}
 j - 2 potions of attraction {unknown}
 k - 2 potions of degeneration {unknown}


   Skills:
 + Level 2.9 Fighting
 * Level 4.6 Ranged Weapons
 + Level 2.6 Dodging
 - Level 0.7 Stealth


You had 3 spell levels left.
You didn't know any spells.
Your spell library contained the following spells:

 Spells                   Type           Power      Damage    Failure   Level
 Foxfire                  Conj/Fire      0%         2x1d4     50%         1
 Call Imp                 Summ           0%         N/A       63%         2
 Ensorcelled Hibernation  Hex/Ice        0%         N/A       63%         2
 Sublimation of Blood     Necr           0%         N/A       63%         2
 Call Canine Familiar     Summ           0%         N/A       86%         3
 Passwall                 Erth           0%         N/A       86%         3
 Sigil of Binding         Hex            0%         N/A       86%         3
 Summon Ice Beast         Ice/Summ       0%         N/A       86%         3
 Swiftness                Air            0%         N/A       86%         3
 Dimensional Bullseye     Hex/Tloc       0%         N/A       99%         4
 Summon Mana Viper        Hex/Summ       0%         N/A       100%        5
 Plasma Beam              Fire/Air       0%         2x1d10    100%        6
 Starburst                Conj/Fire      0%         6d3       100%        6
 Monstrous Menagerie      Summ           0%         N/A       100%        7
 Summon Hydra             Summ           0%         N/A       100%        7


Dungeon Overview and Level Annotations

Branches:
Dungeon (2/15)

Altars:
Cheibriados

Shops:
D:1 (

Annotations:
D:2 Crazy Yiuf


Innate Abilities, Weirdness & Mutations

You can wield a second weapon in your off-hand.
It takes a long time for you to wield or remove held weapons.
Your first few attacks do less damage.
You cannot equip rings or amulets.


Message History

There is an escape hatch in the floor here.
Things that are here:
a +3 flail; a +0 ring mail; the human corpse of Terence
Found a hammer.
Found a runed translucent door.
Crazy Yiuf shouts!
You open the door.
Crazy Yiuf yells, "Shower hog green!"
You shoot a sling bullet. The sling bullet hits Crazy Yiuf.
Crazy Yiuf is lightly wounded.
You shoot a sling bullet.
The sling bullet closely misses Crazy Yiuf.
Crazy Yiuf misses you.
You shoot a sling bullet. The sling bullet hits Crazy Yiuf.
Crazy Yiuf is moderately wounded.
You shoot a sling bullet.
The sling bullet closely misses Crazy Yiuf.
Crazy Yiuf hits you with a +3 quarterstaff of chaos!
You shoot a sling bullet.
The sling bullet barely misses Crazy Yiuf.
You shoot a sling bullet.
The sling bullet hits Crazy Yiuf but does no damage.
Crazy Yiuf is moderately wounded.
Crazy Yiuf hits you with a +3 quarterstaff of chaos!
* * * LOW HITPOINT WARNING * * *
You are too injured to fight recklessly!
You are too injured to fight recklessly!
You are too injured to fight recklessly!
You shoot a sling bullet. The sling bullet hits Crazy Yiuf!
Crazy Yiuf is severely wounded.
You shoot a sling bullet. The sling bullet hits Crazy Yiuf.
Crazy Yiuf is severely wounded.
Crazy Yiuf hits you with a +3 quarterstaff of chaos.
* * * LOW HITPOINT WARNING * * *
You shoot a sling bullet. The sling bullet hits Crazy Yiuf.
Crazy Yiuf is almost dead.
You shoot a sling bullet.
The sling bullet hits Crazy Yiuf but does no damage.
Crazy Yiuf is almost dead.
Crazy Yiuf hits you with a +3 quarterstaff of chaos.
You die...

#+..+###..# #....#
##.# ♣...♣♣ #.# ♣♣...♣
#.# ♣♣.♣♣ #.# ♣♣.♣ #.#
####### ♣.♣♣ ##.#
#.....# ♣♣.♣ #..#
#.....# ♣@♣♣ #..#
#.....# #g# #..#
#.....# ... #..#### #
#.....## #...#
#.....###### #......#
#)..# #..##....##.
#......# #####
#..#####..#. #......#
#..# ##.#. #.....####
#..## #...
#.....##.##########..#
####


You could see Crazy Yiuf.

Vanquished Creatures
  Terence (D:2)
  Robin (D:2)
  2 adders (D:2)
  4 ball pythons
  4 endoplasms
  A giant cockroach (D:1)
  9 goblins
  6 hobgoblins
  2 quokkas
  7 bats
  4 frilled lizards
  4 kobolds
  2 rats
  A spectral hobgoblin (D:1)
48 creatures vanquished.

Notes
Turn   | Place    | Note
-------+----------+-------------------------------------------
     0 | D:1      | adelrune the Coglin Hunter began the quest for the Orb.
     0 | D:1      | Reached XP level 1. HP: 16/16 MP: 1/1
   109 | D:1      | Found Xuos's Weapon Emporium.
   117 | D:1      | Reached XP level 2. HP: 22/22 MP: 2/2
   262 | D:1      | Found a faded altar of an unknown god.
   459 | D:1      | Reached skill level 4 in Ranged Weapons
   693 | D:2      | Reached XP level 3. HP: 28/28 MP: 3/3
   710 | D:2      | Noticed Robin
   839 | D:2      | Reached XP level 4. HP: 34/34 MP: 4/4
   863 | D:2      | Killed Robin
   987 | D:2      | Found a snail-covered altar of Cheibriados.
  1115 | D:2      | Noticed Terence
  1126 | D:2      | Killed Terence
  1312 | D:2      | Found a runed translucent door.
  1313 | D:2      | Noticed Crazy Yiuf
  1321 | D:2      | Slain by Crazy Yiuf

Illustrated notes

Levels and vault maps discovered:
D:1:      tarquinn_simple_flora_water_a, layout_basic, serial_shops, shop,
          dreamdust_ecumenical_altar_drowned_temple, minmay_pentomino_t2
D:2:      layout_rooms, basic_altar, uniq_terence, uniq_crazy_yiuf_cottage,
          uniq_robin

Skill      XL: |  1  2 |
---------------+-------+-----
Dodging        | 2 |  2.6
Ranged Weapons | 4 |  4.6
Fighting       | |  2.9
Stealth        | |  0.7

Action                     |  1- 3 |  4- 6 || total
---------------------------+-------+-------++-------
   Fire: Sling             |   162 |    66 ||   228
 Armour: Leather armour    |    11 |     6 ||    17
  Dodge: Dodged            |    20 |     5 ||    25

Table legend: (Time is in decaauts)
 A = Elapsed time spent in this place.
 B = Non-inter-level travel time spent in this place.
 C = Inter-level travel time spent in this place.
 D = Time resting spent in this place.
 E = Time spent auto-exploring this place.
 F = Levels seen in this place.
 G = Mean time per level.
                   A        B        C        D        E       F      G
               +--------+--------+--------+--------+--------+-----+--------+
         Total |   1355 |   1313 |     42 |     32 |   1025 |   2 |  677.5 |
       Dungeon |   1355 |   1313 |     42 |     32 |   1025 |   2 |  677.5 |
               +--------+--------+--------+--------+--------+-----+--------+

Top non-repeatable levels by time:
     D:1: 773 daAuts
     D:2: 581 daAuts
